Map: Arctic Dream LE

Players

Phase

  • Race: Protoss Protoss
  • Spawn Location: 11:00

Thelich

  • Race: Protoss Protoss
  • Spawn Location: 12:00

Massa

  • Race: Terran Terran
  • League: Platinum
  • Spawn Location: 6:00

qqq

  • Race: Zerg Zerg
  • Spawn Location: 5:00

VOD

Have the link to the VOD?

Description

Time

  • Played on: Oct. 28, 2020, 3:24 p.m.
  • Length: 10:35
Show
View Real Time Build Order
Export as new Build Order

Phase Protoss 

Build Orders: 1 Gate Expand, Oracle Opening 

Get SALT Encoding   

  12  0:00  Probe  
  13  0:12  Probe  
  14  0:20  Pylon  
  14  0:25  Probe  
  15  0:38  Probe (Chrono Boost)  
  16  0:42  Gateway  
  16  0:48  Assimilator  
  16  0:49  Probe (Chrono Boost)  
  17  0:54  Probe (Chrono Boost)  
  18  1:06  Probe  
  20  1:18  Probe  
  20  1:25  Nexus  
  20  1:36  Cybernetics Core  
  20  1:43  Probe  
  20  1:46  Assimilator  
  21  1:51  Pylon  
  21  1:59  Probe (Chrono Boost)  
  22  2:11  Probe (Chrono Boost)  
  22  2:13  Warp Gate, Adept  
  25  2:16  Probe (Chrono Boost)  
  26  2:25  Probe (Chrono Boost)  
  26  2:28  Stargate  
  27  2:38  Probe x2 (Chrono Boost)  
  29  2:45  Adept  
  29  2:46  Probe (Chrono Boost)  
  29  2:50  Probe (Chrono Boost)  
  32  2:58  Probe  
  34  3:00  Probe  
  34  3:05  Pylon  
  35  3:09  Oracle (Chrono Boost)  
  35  3:10  Probe  
  35  3:12  Probe  
  40  3:22  Probe  
  40  3:24  Probe  
  40  3:27  Shield Battery  
  42  3:30  Pylon  
  42  3:34  Probe  
  42  3:36  Probe  
  42  3:38  Gateway  
  42  3:41  Gateway  
  44  3:47  Probe  
  45  3:48  Probe  
  46  4:05  Nexus  
  46  4:06  Stalker  
  46  4:09  Pylon  
  48  4:13  Probe  
  48  4:15  Probe  
  50  4:17  Assimilator  
  50  4:21  Assimilator  
  50  4:26  Probe  
  50  4:27  Probe  
  50  4:29  Twilight Council  
  52  4:38  Probe  
  53  4:39  Probe  
  54  4:50  Probe  
  54  4:51  Probe  
  56  4:57  Stalker x2  
  56  4:58  Adept  
  62  5:02  Probe  
  62  5:03  Probe  
  64  5:08  Shield Battery  
  64  5:12  Charge (Chrono Boost)  
  64  5:14  Probe  
  64  5:16  Probe, Void Ray (Chrono Boost)  
  64  5:19  Stalker  
  70  5:26  Probe  
  70  5:27  Sentry  
  70  5:28  Probe, Stalker  
  78  5:31  Shield Battery  
  78  5:33  Shield Battery  
  78  5:36  Pylon  
  78  5:38  Probe  
  79  5:54  Stalker  
  79  5:55  Stalker x2  
  83  6:07  Void Ray  
  83  6:09  Gateway  
  81  6:12  Probe  
  81  6:13  Gateway  
  81  6:15  Gateway  
  86  6:19  Probe x2  
  86  6:24  Probe  
  89  6:26  Templar Archives  
  89  6:30  Forge  
  89  6:31  Probe x2  
  89  6:32  Forge  
  91  6:36  Probe, Robotics Facility  
  91  6:38  Assimilator  
  92  6:41  Assimilator  
  92  6:43  Probe  
  92  6:45  Pylon  
  93  6:49  Blink  
  93  7:03  Probe x3  
  96  7:11  Psionic Storm  
  96  7:13  Stalker x2  
  96  7:15  Probe, Protoss Ground Weapons Level 1 (Chrono Boost), Protoss Ground Armor Level 1 (Chrono Boost)  
  101  7:21  Pylon  
  101  7:24  Pylon  
  101  7:25  Immortal (Chrono Boost)  
  101  7:42  Pylon x2  
  101  7:48  Probe x2  
  103  7:52  High Templar x2, Zealot x3  
  103  7:53  Zealot  
  103  7:55  Gateway  
  103  7:56  Gateway  
  103  7:58  Gateway  
  115  8:06  Observer (Chrono Boost)  
  115  8:09  Nexus  
  115  8:11  Pylon  
  116  8:22  Warp Prism (Chrono Boost)  
  116  8:26  High Templar x2, Zealot x3, Assimilator  
  116  8:27  Zealot  
  130  8:30  Assimilator  
  130  8:31  Probe  
  130  8:32  Probe  
  132  8:44  Immortal (Chrono Boost)  
  132  8:45  Pylon  
  132  8:46  Pylon  
  136  8:51  High Templar x2  
  140  8:57  Pylon x2  
  140  8:58  Pylon  
  138  9:12  Zealot x4  
  146  9:18  Probe  
  146  9:19  Probe x2  
  147  9:30  Probe  
  136  9:42  Archon  
  136  9:43  Archon  
  136  9:46  Warp Prism  
  136  9:47  Probe x2  
  138  10:02  Zealot x8  
  138  10:03  Zealot  
  138  10:05  Probe x2  
  156  10:08  Probe x2  
  157  10:16  Photon Cannon  
  157  10:18  Photon Cannon  
  157  10:21  Photon Cannon  
  157  10:23  Shield Battery  
Show
View Real Time Build Order
Export as new Build Order

Thelich Protoss 

Build Orders: 1 Gate Expand, Archon Immortal 

Get SALT Encoding   

  12  0:00  Probe  
  13  0:12  Probe  
  14  0:20  Pylon  
  14  0:31  Probe  
  15  0:39  Gateway  
  15  0:44  Probe (Chrono Boost)  
  15  0:46  Assimilator  
  16  0:56  Probe (Chrono Boost)  
  17  1:03  Probe (Chrono Boost)  
  18  1:18  Pylon  
  18  1:23  Probe  
  19  1:32  Nexus  
  19  1:35  Probe  
  20  1:52  Cybernetics Core  
  20  1:57  Assimilator  
  20  2:02  Probe  
  21  2:14  Probe  
  21  2:25  Stalker (Chrono Boost)  
  23  2:34  Probe  
  24  2:45  Warp Gate  
  24  2:47  Probe  
  24  2:49  Probe  
  28  2:59  Probe  
  28  3:01  Probe  
  28  3:06  Gateway  
  28  3:07  Gateway  
  28  3:09  Pylon  
  28  3:13  Robotics Facility  
  28  3:16  Probe x2  
  30  3:22  Twilight Council  
  30  3:28  Probe x2  
  32  3:40  Probe x2  
  34  3:52  Probe x2  
  34  3:53  Pylon  
  36  4:01  Pylon  
  36  4:04  Probe  
  36  4:05  Probe  
  38  4:11  Assimilator  
  38  4:13  Assimilator  
  38  4:16  Probe  
  38  4:17  Probe  
  40  4:19  Gateway  
  40  4:20  Gateway  
  40  4:27  Charge (Chrono Boost)  
  40  4:28  Probe  
  40  4:29  Probe  
  42  4:35  Zealot x3  
  48  4:41  Probe x2, Immortal (Chrono Boost)  
  54  4:53  Probe x2  
  54  4:59  Zealot x3  
  62  5:08  Shield Battery  
  62  5:15  Immortal (Chrono Boost)  
  62  5:20  Templar Archives  
  66  5:22  Zealot x2  
  70  5:29  Pylon  
  70  5:32  Pylon  
  70  5:56  Zealot x2  
  68  5:57  Zealot x2  
  68  5:58  Zealot  
  60  6:13  Immortal (Chrono Boost)  
  58  6:24  Zealot x5  
  68  6:26  Probe x2  
  70  6:38  Probe x2  
  72  6:43  Nexus  
  72  6:46  Immortal  
  72  6:47  Pylon  
  76  6:50  Probe  
  77  6:54  Zealot x2  
  77  6:55  Zealot  
  77  7:00  Sentry  
  85  7:04  Psionic Storm  
  85  7:06  High Templar  
  87  7:24  Warp Prism  
  89  7:35  Assimilator  
  85  7:39  Assimilator  
  81  7:50  High Templar x2  
  81  7:51  High Templar x3  
  89  7:58  Immortal (Chrono Boost)  
  91  8:02  Gateway  
  91  8:03  Gateway  
  95  8:07  Gateway  
  95  8:09  Gateway  
  95  8:11  Pylon  
  95  8:12  Pylon  
  95  8:20  Probe x2  
  95  8:23  Probe  
  98  8:27  Blink, Immortal (Chrono Boost)  
  98  8:30  Forge  
  98  8:32  Probe  
  98  8:33  Probe, Forge  
  104  8:35  Probe  
  104  8:41  Zealot x5  
  107  8:45  Probe  
  107  8:46  Archon x2  
  116  8:56  Probe x2  
  116  8:57  Probe  
  116  8:59  Observer  
  120  9:04  Zealot x2  
  124  9:26  Nexus  
  124  9:28  Assimilator  
  124  9:32  Assimilator  
  124  9:36  Pylon  
  124  9:38  Pylon  
  84  10:24  Zealot x5  
  84  10:25  High Templar x2  
  84  10:26  High Templar x2  
Show
View Real Time Build Order
Export as new Build Order

Massa Terran 

Build Orders:  

Get SALT Encoding   

  12  0:00  SCV  
  13  0:12  SCV  
  14  0:18  Supply Depot  
  14  0:25  SCV  
  15  0:39  SCV  
  15  0:40  Barracks  
  16  0:49  Refinery  
  16  0:51  SCV  
  17  1:03  SCV  
  18  1:16  SCV  
  19  1:22  Barracks  
  19  1:25  Barracks  
  19  1:28  SCV  
  19  1:29  Supply Depot  
  20  1:33  Reaper  
  21  1:40  SCV  
  22  1:57  Orbital Command  
  22  2:05  Marine  
  23  2:12  Barracks Tech Lab  
  23  2:15  Barracks Reactor  
  23  2:23  Marine  
  24  2:32  Marine  
  25  2:41  Marine  
  26  2:45  Command Center  
  26  2:50  Marine  
  27  2:53  Marine x2  
  28  2:59  Marine  
  28  3:03  Stimpack  
  29  3:08  Marine  
  29  3:11  Marine  
  31  3:13  Factory  
  31  3:18  Supply Depot  
  31  3:39  Marine x2  
  31  3:40  SCV, Marauder, Barracks Tech Lab  
  36  3:52  SCV, Supply Depot  
  37  3:57  Marine x2, Engineering Bay  
  37  4:00  Marauder, Marine  
  42  4:07  Concussive Shells  
  42  4:09  Factory Tech Lab  
  42  4:15  Marine x2  
  44  4:18  Marine  
  44  4:21  SCV  
  44  4:22  SCV, Marauder  
  44  4:33  Marine x2  
  43  4:54  Marauder x2  
  43  4:55  Marine x2  
  49  5:09  SCV  
  49  5:10  Missile Turret  
  50  5:17  Missile Turret  
  50  5:29  Combat Shield  
  50  5:32  Marine x3  
  21  6:14  Marine  
  21  6:15  Marauder  
  21  6:16  Orbital Command  
  21  6:17  SCV  
  25  6:25  Missile Turret  
  25  6:27  Refinery, Siege Tank  
  25  6:29  SCV  
  29  6:34  Marine x3  
  29  6:36  Marauder  
  34  6:41  SCV  
  35  6:47  SCV  
  35  6:53  SCV  
  37  7:00  SCV  
  38  7:05  SCV  
  38  7:06  Marauder x2, Marine x2  
  45  7:12  SCV  
  46  7:17  SCV  
  47  7:24  Marine x2  
  47  7:27  Marine  
  50  7:45  Marauder x2, Marine x2  
  56  7:55  Starport, SCV x2  
  58  8:03  Marine x2  
  60  8:06  Marauder  
  60  8:12  Supply Depot  
  62  8:14  Supply Depot  
  62  8:33  SCV x2, Marine x2, Siege Tank  
  69  8:36  Marauder x2  
  73  8:44  Command Center  
  73  8:45  SCV x2  
  75  8:50  Refinery  
  75  8:51  Marine  
  75  8:55  Missile Turret  
  76  8:56  Marine  
  76  8:57  SCV  
  78  9:07  SCV  
  78  9:08  Marauder x2, Medivac  
  78  9:09  Marine  
  77  9:19  SCV  
  73  9:30  Marauder  
  60  9:33  Marauder, Marine  
  60  9:34  Marine  
  46  9:48  Siege Tank  
  46  9:51  Marauder, Marine  
  47  9:54  Marauder  
  49  10:12  Marauder  
Show
View Real Time Build Order
Export as new Build Order

qqq Zerg 

Build Orders: Hatch First 

Get SALT Encoding   

  12  0:03  Drone  
  13  0:09  Drone  
  14  0:36  Hatchery  
  14  0:40  Drone  
  14  0:58  Spawning Pool  
  14  1:03  Overlord  
  13  1:08  Drone  
  13  1:11  Extractor  
  13  1:14  Drone  
  14  1:21  Drone  
  15  1:35  Drone  
  16  1:51  Drone x2  
  16  1:53  Drone  
  19  2:16  Drone  
  19  2:17  Hatchery  
  19  2:22  Lair  
  19  2:26  Drone  
  21  2:30  Drone  
  21  2:33  Drone  
  22  2:47  Roach Warren  
  22  2:49  Drone  
  22  2:57  Drone x2  
  24  2:59  Drone  
  24  3:03  Drone  
  26  3:05  Drone  
  26  3:10  Drone  
  28  3:18  Extractor  
  28  3:19  Overlord  
  27  3:22  Overlord  
  27  3:26  Glial Reconstitution  
  27  3:30  Roach  
  29  3:34  Roach  
  29  3:37  Roach  
  33  3:42  Roach  
  33  3:44  Roach  
  33  3:48  Roach  
  39  3:51  Drone  
  39  3:54  Roach  
  42  3:57  Roach  
  42  4:02  Roach  
  46  4:03  Drone  
  46  4:07  Overlord  
  47  4:12  Roach  
  49  4:20  Overlord  
  49  4:24  Drone  
  50  4:26  Roach  
  52  4:31  Spore Crawler  
  52  4:33  Spore Crawler  
  52  4:34  Overlord  
  50  4:39  Roach  
  50  4:42  Drone x2  
  54  4:48  Spore Crawler  
  54  4:49  Roach  
  54  4:51  Drone  
  57  4:52  Ravager  
  57  4:53  Ravager  
  57  4:58  Roach  
  60  5:00  Drone  
  60  5:04  Drone x2  
  60  5:06  Drone  
  64  5:08  Drone  
  64  5:13  Overlord  
  65  5:23  Overlord  
  65  5:26  Drone  
  66  5:30  Overlord  
  66  5:31  Queen  
  68  5:45  Roach  
  48  6:14  Drone  
  48  6:15  Drone x5  
  48  6:16  Roach  
  48  6:17  Roach x2  
  58  6:24  Hydralisk Den  
  55  6:26  Roach  
  55  6:27  Roach  
  57  6:35  Queen x2  
  57  6:38  Roach  
  57  6:39  Roach x2  
  67  6:52  Drone  
  67  6:53  Drone  
  66  7:06  Roach x3  
  70  7:13  Roach  
  70  7:14  Roach x2  
  66  7:46  Roach x4  
  66  7:48  Drone x2  
  66  7:50  Extractor  
  66  7:51  Extractor, Overlord  
  74  8:07  Hatchery  
  73  8:17  Infestation Pit  
  73  8:18  Hatchery  
  71  8:20  Evolution Chamber  
  71  8:23  Hydralisk x3, Lurker Den, Evolution Chamber  
  71  8:25  Drone x2  
  71  8:26  Drone x3  
  79  8:37  Roach  
  81  8:52  Hydralisk  
  81  8:54  Drone  
  81  8:55  Overlord x3  
  84  9:00  Hatchery, Drone  
  84  9:03  Overlord  
  84  9:07  Hatchery  
  84  9:09  Muscular Augments  
  83  9:25  Lurker x3  
  83  9:27  Drone x7  
  93  9:35  Roach  
  93  9:36  Roach x2  
  87  10:02  Roach x7  
Tags
 
Add a new tag
Caveats
  • Supply blocks, unpowered buildings, or Contaminate may cause inaccurate times.
  • Supply counts are checked every 10 seconds.